cohdb
Replays
Latest Replays
All Replays
Popular Replays
Top Player Replays
Match Explorer
How It Works
Community
CoH3 Stats
Reddit
Sign in to upload your games and track your stats! →
Sign in with Steam
Match 45656609
Unlisted
Match 45656609
Overview
Messages
Build Orders
End
Construct Barracks
M1 Mortar Team
Riflemen Squad
Riflemen Squad
Mechanized Support Center
Construct Motor Pool
M8 Greyhound Armored Car
Selects Armored Battlegroup
Selects Veteran Crews
Construct Medical Station
Improvised Armor
Designate Forward Repair Station
M1918 Browning Automatic Rifles
Grenade Package
Selects M31 Recovery Vehicle
Selects Strength in Steel
M24 Chaffee Light Tank
Engineer Squad
M24 Chaffee Light Tank
Riflemen Squad
M24 Chaffee Light Tank
Designate Forward Repair Station
Rapid Repairs
Selects Seek and Destroy
Riflemen Squad
Selects Seek and Destroy
M31 Recovery Vehicle
Designate Forward Repair Station
Seek and Destroy
kampfer
ModMapper
Pera
for1smo
Honey
JeonGong
Trueno
Zebra
0
0
Comments
sign in to comment!
No comments posted yet!